 Dungeon Crawl Stone Soup version bcrawl-1.27.3 (webtiles) character file.

Game seed: 13895418472498262157

89613 hurricos the Charmwright (level 1, -2/12 HPs)
             Began as a Skeleton Skald on Oct 9, 2020.
             Slain by a kobold
             ... wielding a +0 whip
              (5 damage)
             ... on level 1 of the Dungeon.
             The game lasted 00:01:01 (184 turns).

hurricos the Charmwright (Skeleton Skald)            Turns: 184, Time: 00:01:01

Health: -2/12      AC:  3    Str: 17    XL:     1   Next: 83%
Magic:  0/4        EV: 12    Int: 11    God:
Gold:   16         SH:  0    Dex:  8    Spells: 5/6 levels left

rFire    . . .     SeeInvis .   a - +0 spear
rCold    + . .     Gourm    .   (no shield)
rNeg     + + +     Faith    .   b - +0 leather armour
rPois    ∞         Spirit   +   (no helmet)
rElec    .         Reflect  .   (no cloak)
rCorr    .         Harm     .   (no gloves)
MR       .....                  (no boots)
Stlth    +.........             (no amulet)
HPRegen  0.04/turn              (no ring)
MPRegen  0.09/turn              (no ring)

@: infused
A: no food or potions, cold resistance 1, deterioration 1, negative energy
resistance 3, torment resistance, unbreathing, magic shield, sturdy frame 1,
spell healing
a: no special abilities


You were on level 1 of the Dungeon.
You were not hungry.

You visited 1 branch of the dungeon, and saw 1 of its levels.

You collected 16 gold pieces.

Inventory:

Hand Weapons
 a - a +0 spear (weapon)
Armour
 b - a +0 leather armour (worn)
Scrolls
 c - a scroll of magic mapping {unknown}
 d - a scroll of fear
 e - a scroll of enchant armour {unknown}


   Skills:
 - Level 2.0 Fighting
 + Level 3.2 Polearms
 - Level 1.1 Armour
 - Level 2.0 Dodging
 - Level 3.0 Spellcasting
 - Level 3.2 Charms


You had 5 spell levels left.
You knew the following spells:

 Your Spells              Type           Power        Failure   Level  Hunger
a - Infusion              Chrm           #.......     7%          1    N/A

Your spell library contained the following spells:

 Spells                   Type           Power        Failure   Level  Hunger
 Song of Slaying          Chrm           #.......     11%         2    N/A
 Ozocubu's Armour         Chrm/Ice       #.......     38%         3    N/A
 Spectral Weapon          Hex/Chrm       #.......     38%         3    N/A
 Regeneration             Chrm/Necr      Unusable     N/A         3    N/A

Dungeon Overview and Level Annotations

Branches:
Dungeon (1/12)

Altars:


Innate Abilities, Weirdness & Mutations

You do not eat or drink.
You are immune to poison.
Your flesh is cold resistant. (rC+)
Your body sometimes deteriorates upon taking damage.
You are immune to negative energy. (rN+++)
You are immune to unholy pain and torment.
You can survive without breathing.
When hurt, damage is shared between your health and your magic reserves.
Your movements are slightly less encumbered by armour. (ER -2)
Casting spells heals you.


Message History

You are too injured to fight recklessly!
You are too injured to fight recklessly!
You closely miss the kobold.
The kobold is moderately wounded.
The kobold barely misses you.
You barely miss the kobold.
The kobold is moderately wounded.
The kobold hits you with a +0 whip.
You barely miss the kobold.
The kobold is moderately wounded.
The kobold barely misses you.
You hit the kobold but do no damage.
The kobold is moderately wounded.
The kobold hits you with a +0 whip.
* * * LOW HITPOINT WARNING * * *
Casting: Infusion (safe; 7% risk of failure)
Confirm with . or Enter, or press ? or * to list all spells.
You begin infusing your attacks with magical energy.
The kobold hits you with a +0 whip.
You die...

#.# #.#.# #....# #.#
#.#.# #.##.# ##.###.#.#
#.##.# .....#.#.# #.##.#
##.(.....# #.##.#
###.#.#.###.##.#
#.#.#........#
####.#.#.....########.##
.†..............@K.....#
####..............######
.....#.##########.#
.###.#... .# #.###.# .#
#!# ... .# #.# ### .#
#.# ^# ..#


You could see a kobold.

Vanquished Creatures
  A bat (D:1)
  A giant cockroach (D:1)
  2 kobolds (D:1)
  4 rats (D:1)
8 creatures vanquished.

Notes
Turn   | Place    | Note
-------+----------+-------------------------------------------
     0 | D:1      | hurricos the Skeleton Skald began the quest for the Orb.
     0 | D:1      | Reached XP level 1. HP: 12/12 MP: 4/4
   184 | D:1      | Slain by a kobold

Skill      XL: |  1 |
---------------+----+-----
Polearms       | 3 |  3.2
Fighting       | |  2.0
Armour         | |  1.1
Dodging        | |  2.0
Spellcasting   | |  3.0
Charms         | |  3.2

Action                   || total
-------------------------++-------
Melee: Spear             ||    30
 Cast: Infusion          ||     1
Armor: Leather armour    ||     6
Dodge: Dodged            ||    17
